 Dungeon Crawl Stone Soup version 0.29-a0-330-g52719c12eb (webtiles) character file.

Game seed: 17932826239962874159

23 Crownlay the Digger (level 2, -7/17 HPs)
             Began as an Octopode Earth Elementalist on May 24, 2022.
             Mangled by a gnoll
             ... wielding a +0 club
              (9 damage)
             ... on level 2 of the Dungeon.
             The game lasted 00:01:41 (1542 turns).

Crownlay the Digger (Octopode Earth Elementalist)   Turns: 1542, Time: 00:01:41

Health: -7/17      AC:  1    Str:  7    XL:     2   Next: 95%
Magic:  4/5        EV: 13    Int: 17    God:
Gold:   59         SH:  0    Dex: 12    Spells: 4/5 levels left

rFire   . . .      SeeInvis .   c - +0 dagger
rCold   . . .      Faith    .   (no shield)
rNeg    . . .      Spirit   .   (helmet restricted)
rPois   .          Reflect  .   (no amulet)
rElec   .          Harm     .   (no ring)
rCorr   .          Rampage  .   (no ring)
Will    .....                   (no ring)
Stlth   +++.......              (no ring)
HPRegen 0.05/turn               (no ring)
MPRegen 0.09/turn               (no ring)
                                (no ring)
                                (no ring)

@: no status effects
A: almost no armour, amphibious, 8 rings, camouflage 1, gelatinous body 1,
(nimble swimmer 1), tentacles
a: no special abilities


You were on level 2 of the Dungeon.
You visited 1 branch of the dungeon, and saw 2 of its levels.

You collected 59 gold pieces.

Inventory:

Hand Weapons
 c - a +0 dagger (weapon)
Missiles
 a - 94 stones
Magical Staves
 g - a staff of earth
Scrolls
 d - 4 scrolls of identify {unknown}
 e - a scroll of enchant armour {unknown}
 f - a scroll of teleportation {unknown}
 h - a scroll of brand weapon {unknown}
Potions
 b - a potion of magic
 i - a potion of flight {unknown}


   Skills:
 - Level 2.0 Dodging
 - Level 2.6 Stealth
 - Level 2.0 Spellcasting
 - Level 1.0 Transmutations
 * Level 4.0 Earth Magic


You had 4 spell levels left.
You knew the following spells:

 Your Spells              Type           Power      Damage    Failure   Level
a - Sandblast             Erth           30%        2d9       3%          1

Your spell library contained the following spells:

 Spells                   Type           Power      Damage    Failure   Level
 Passwall                 Tmut/Erth      8%         N/A       11%         2
 Slow                     Hex            4%         N/A       19%         1
 Stone Arrow              Conj/Erth      16%        3d8       26%         3
 Ignite Poison            Fire/Tmut/Pois 2%         N/A       45%         3
 Confusing Touch          Hex            1%         N/A       50%         3
 Mephitic Cloud           Conj/Pois/Air  1%         N/A       50%         3
 Vampiric Draining        Necr           1%         2d6       50%         3
 Petrify                  Tmut/Erth      10%        N/A       56%         4
 Freezing Cloud           Conj/Ice/Air   0%         6-21      99%         5


Dungeon Overview and Level Annotations

Branches:
Dungeon (2/15)

Altars:


Innate Abilities, Weirdness & Mutations

You cannot wear most types of armour.
You are amphibious.
You can wear up to eight rings at the same time.
Your skin changes colour to match your surroundings (Stealth+).
Your rubbery body absorbs attacks. (AC +1, EV +1)
((You are camouflaged when in or above water. (Stealth+)))
You have tentacles for arms and can constrict up to eight enemies at once.


Message History

You kill the jackal!
You can't see any susceptible monsters within range! (Use Z to cast anyway.)
The blast of sand hits the frilled lizard!
You kill the frilled lizard!
No target in view!
Magic restored.
You now have 59 gold pieces (gained 4).
You see here a frilled lizard corpse.
i - a black potion You aren't carrying any pieces of jewellery.
A rat comes into view.
A hobgoblin and a gnoll come into view.
The hobgoblin shouts!
You closely miss the rat. Your grab misses the rat. You squeeze the rat.
The rat is severely wounded.
The rat bites you.
You barely miss the rat. You grab the rat. You tentacle-slap the rat.
You kill the rat!
You hit the gnoll. You grab the gnoll.
The gnoll is lightly wounded.
You constrict the gnoll. The gnoll hits you with a +0 club.
You hit the gnoll.
You squeeze the gnoll, but do no damage.
The gnoll is heavily wounded.
You constrict the gnoll. The gnoll hits you with a +0 club!
* * * LOW HITPOINT WARNING * * *
You are too injured to fight recklessly!
You are too injured to fight recklessly!
You are too injured to fight recklessly!
You are too injured to fight recklessly!
Casting: Sandblast (safe; 3% risk of failure)
Confirm with . or Enter, or press ? or * to list all spells.
Aiming: Sandblast (safe; 3% risk of failure)
Press: ? - help, Shift-Dir - straight line, f - gnoll
Aim: a gnoll, wielding a +0 club (heavily wounded, constricted by you, 100% to hit)
The blast of sand hits the gnoll.
The gnoll is severely wounded.
You constrict the gnoll. The gnoll hits you with a +0 club!
Ouch! That really hurt!
You die...

#.# #.# ##.##
#...# #.?.# #..
##...## #..
#.....# # #.#
#.#.#.## #.#.#
#@#..### .#.##
#g##...#### ....
.g.###....#####.#
..#..
####.......## ##.
.###....#####...
##
##...####.......
.##
#..#####........
.. ..## #.
#[...........
..####..#
#.###.##.....


You could see a gnoll and a hobgoblin.

Vanquished Creatures
  A bat (D:1)
  2 endoplasms (D:1)
  A giant cockroach (D:1)
  A goblin (D:2)
  2 hobgoblins
  2 jackals (D:2)
  2 kobolds (D:1)
  A quokka (D:1)
  2 ball pythons
  3 frilled lizards
  4 rats
21 creatures vanquished.

Notes
Turn   | Place    | Note
-------+----------+-------------------------------------------
     0 | D:1      | Crownlay the Octopode Earth Elementalist began the quest
                  | for the Orb.
     0 | D:1      | Reached XP level 1. HP: 11/11 MP: 3/3
   297 | D:1      | Reached XP level 2. HP: 12/17 MP: 5/5
  1456 | D:2      | Reached skill level 4 in Earth Magic
  1542 | D:2      | Mangled by a gnoll

Illustrated notes

Levels and vault maps discovered:
D:1:      matt_arrival_spirals, layout_basic, hangedman_decor_growths,
          minmay_split_cup_large
D:2:      minmay_general_purpose_star, layout_basic,
          corexii_item_surrounded_by_moat, st_stairs_7

Skill      XL: |  1  2 |
---------------+-------+-----
Earth Magic    | 4 |  4.0
Dodging        | |  2.0
Stealth        | |  2.6
Spellcasting   | |  2.0
Transmutations | |  1.0

Action                   || total
-------------------------++-------
Melee: Dagger            ||    42
       Constrict         ||     9
       Tentacles         ||     8
       Punch             ||     1
 Cast: Sandblast         ||     5
 Stab: Sleeping          ||     6
Armor: Skin              ||     6
Dodge: Dodged            ||    18

Table legend: (Time is in decaauts)
 A = Elapsed time spent in this place.
 B = Non-inter-level travel time spent in this place.
 C = Inter-level travel time spent in this place.
 D = Time resting spent in this place.
 E = Time spent auto-exploring this place.
 F = Levels seen in this place.
 G = Mean time per level.
                   A        B        C        D        E       F      G
               +--------+--------+--------+--------+--------+-----+--------+
         Total |   1540 |   1497 |     43 |      0 |   1354 |   2 |  770.0 |
       Dungeon |   1540 |   1497 |     43 |      0 |   1354 |   2 |  770.0 |
               +--------+--------+--------+--------+--------+-----+--------+

Top non-repeatable levels by time:
     D:1: 1323 daAuts
     D:2: 216 daAuts
